 Dungeon Crawl Stone Soup version 0.18.1-8-gdd0e5ea (webtiles) character file.

94 Kzard the Skirmisher (level 4, -1/57 HPs)
             Began as a Merfolk Berserker on June 2, 2016.
             Was a Believer of Trog.
             Slain by Scarto's ghost (7 damage)
             ... on level 3 of the Dungeon.
             The game lasted 00:08:17 (1958 turns).

Kzard the Skirmisher (Merfolk Berserker)            Turns: 1958, Time: 00:08:18

Health: -1/57      AC:  9    Str: 22    XL:     4   Next: 63%
Magic:  4/4        EV: 11    Int:  7    God:    Trog [**....]
Gold:   116        SH:  0    Dex: 13    Spells: 0 memorised, 3 levels left

rFire  x . .     SeeInvis .     a - +0 falchion
rCold  + + .     Gourm    .     n - +0 ice dragon armour
rNeg   . . .     Faith    .     (no shield)
rPois  .         Spirit   .     (no helmet)
rElec  .         Dismiss  .     (no cloak)
rCorr  .         Reflect  .     (no gloves)
SustAt .         Harm     +     (no boots)
MR     .....                    i - amulet of harm
Stlth  ..........               (no ring)
                                (no ring)

@: berserking (expiring), very quick, not resistant to hostile enchantments,
extremely unstealthy
A: change form in water, swift swim
a: Berserk, Trog's Hand, Burn Spellbooks, Renounce Religion


You were on level 3 of the Dungeon.
You worshipped Trog.
Trog was pleased with you.
You were hungry.

You visited 1 branch of the dungeon, and saw 3 of its levels.

You collected 116 gold pieces.

Inventory:

Hand Weapons
 a - a +0 falchion (weapon)
 k - a +0 hunting sling
 l - a +0 spear
 m - a +0 short sword
Missiles
 d - 71 stones (quivered)
Armour
 b - a +0 animal skin
 j - a +0 ring mail
 n - a +0 ice dragon armour (worn)
Jewellery
 h - a cursed amulet of inaccuracy {unknown}
 i - an amulet of harm (around neck)
Scrolls
 p - a scroll of enchant weapon {unknown}
 r - a scroll of identify {unknown}
 u - a scroll of recharging {unknown}
Potions
 e - a potion of berserk rage {unknown}
 f - a potion of might {unknown}
 g - a potion of heal wounds {unknown}
 s - a potion of ambrosia {unknown}
 v - a potion of haste {unknown}
Comestibles
 c - a bread ration
 q - a meat ration
 t - 3 fruits


   Skills:
 * Level 4.6 Fighting
 - Level 3.2 Long Blades
 + Level 0.4 Polearms
 + Level 0.4 Throwing
 + Level 2.0 Armour
 + Level 3.9 Dodging


You had 3 spell levels left.
You didn't know any spells.

Dungeon Overview and Level Annotations

Branches:
Dungeon (3/15)

Altars:
Fedhas
Qazlal

Annotations:
D:3 Scarto's ghost, amateur GrFi


Message History

Scarto's ghost hits you but does no damage.
The goblin misses you.
Scarto's ghost hits you but does no damage.
Things that are here:
a dagger; a goblin corpse You closely miss the goblin.
You hit the goblin.
The goblin is severely wounded.
The goblin misses you. Scarto's ghost hits you.
* * * LOW HITPOINT WARNING * * *
Scarto's ghost barely misses you. The goblin misses you.
You feel a strong urge to attack something.
Scarto's ghost barely misses you.
You hit Scarto's ghost but do no damage.
Scarto's ghost is lightly damaged.
Scarto's ghost barely misses you. The goblin hits you but does no damage.
You barely miss Scarto's ghost.
Scarto's ghost is lightly damaged.
Scarto's ghost hits you.
You die...

. ###############..
#..$.............
#####...g)........#
.......@W.###<.####
##....#.#.# #.##
#.....#.#.# ..#
..#.........###
............
...........(.
..............
.......


You could see Scarto's ghost and a goblin.

Vanquished Creatures
  Robin (D:2)
  A gnoll (D:2)
  An adder (D:2)
  An ooze (D:2)
  A worm (D:2)
  2 dart slugs (D:1)
  A giant gecko (D:2)
  4 giant cockroaches
  13 goblins
  7 hobgoblins
  4 kobolds
  3 bats
  6 giant newts
  7 rats
52 creatures vanquished.

Notes
Turn   | Place    | Note
--------------------------------------------------------------
     0 | D:1      | Kzard the Merfolk Berserker began the quest for the Orb.
     0 | D:1      | Reached XP level 1. HP: 18/18 MP: 1/1
   258 | D:1      | Reached XP level 2. HP: 24/24 MP: 2/2
   591 | D:1      | Reached skill level 4 in Fighting
   849 | D:2      | Reached XP level 3. HP: 30/30 MP: 3/3
   891 | D:2      | Reached ** piety under Trog
  1088 | D:2      | Found a blossoming altar of Fedhas.
  1271 | D:2      | Reached XP level 4. HP: 37/38 MP: 4/4
  1656 | D:2      | Noticed Robin
  1681 | D:2      | Killed Robin
  1893 | D:2      | Found a stormy altar of Qazlal.
  1938 | D:3      | Noticed Scarto's ghost (amateur GrFi)
  1958 | D:3      | Slain by Scarto's ghost

Skill      XL: |  1  2  3  4 |
---------------+-------------+-----
Dodging        | 3 |  3.9
Fighting       | 4 |  4.6
Armour         | 2 |  2.0
Long Blades    | |  3.2
Polearms       | |  0.4
Throwing       | |  0.4

Action                   |  1- 3 |  4- 6 || total
-------------------------+-------+-------++-------
Melee: Falchion          |   112 |    37 ||   149
       Spear             |     5 |       ||     5
Throw: Stone             |    32 |    11 ||    43
Invok: Berserk           |       |     2 ||     2
  Use: Scroll            |     1 |       ||     1
  Eat: Chunk             |     1 |     3 ||     4
Armor: Ring mail         |    14 |       ||    14
       Ice dragon armour |    71 |    34 ||   105
Dodge: Dodged            |   108 |    52 ||   160
